 Dungeon Crawl Stone Soup version 0.30.1-11-g7821555f0a (webtiles) character file.

Game seed: 3077541706383343194

13432 CrazyMind the Destroyer (level 11, -3/75 HPs)
             Began as a Demonspawn Conjurer on Dec 27, 2023.
             Was a High Priest of Vehumet.
             Killed by the air
             ... invoked by Gastronok
              (32 damage)
             ... on level 1 of the Lair of Beasts on Dec 28, 2023.
             The game lasted 01:06:13 (13353 turns).

CrazyMind the Destroyer (Demonspawn Conjurer)      Turns: 13353, Time: 01:06:14

Health: -3/75      AC: 11    Str:  8    XL:     11   Next: 75%
Magic:  2/25       EV: 11    Int: 23    God:    Vehumet [*****.]
Gold:   40         SH:  0    Dex: 12    Spells: 7/30 levels left

rFire   + . .        B - +4 dagger (elec)
rCold   + + .        (no shield)
rNeg    . . .        V - +0 ring mail of Gafusil {rC+ Will+ Slay+2 SInv}
rPois   .            g - +0 helmet
rElec   .            a - scarf {rC+ rF+}
rCorr   .            Y - +1 pair of gloves
SInv    +            (no boots)
Will    ++...        G - amulet of the acrobat
Stlth   +++          i - ring of willpower
HPRegen 0.32/turn    f - ring of wizardry
MPRegen 0.19/turn

%: acrobat, wizardry (x1)
@: no status effects
A: claws 2, yellow scales 2, spiny 2
a: Renounce Religion


You were on level 1 of the Lair of Beasts.
You worshipped Vehumet.
Vehumet was extremely pleased with you.
You visited 2 branches of the dungeon, and saw 11 of its levels.
You also visited: Ossuary and Bailey.

You collected 1050 gold pieces.
You spent 1010 gold pieces at shops.

Inventory:

Hand Weapons
 r - a +1 rapier of flaming
 B - a +4 dagger of electrocution (weapon)
 M - a +1 dagger of draining
Missiles
 h - 2 atropa-tipped darts
 l - 14 poisoned darts (quivered)
 m - 6 throwing nets
 q - a boomerang
 x - 4 javelins
Armour
 a - a scarf of resistance (worn)
 g - a +0 helmet (worn)
 u - a +0 leather armour
 H - the +1 robe of Ywnyif {*Slow rF++ rC- Will+++}
   (You took it off a gnoll in a bailey)

   rF:        It greatly protects you from fire.
   rC:        It makes you vulnerable to cold.
   *Slow:     It may slow you when you take damage.
   Will:      It greatly increases your willpower.
 O - the +3 hat of Pondering {ponderous, Will+ MP+10 Int+5}
   (You found it in a bailey)

   Int:       It affects your intelligence (+5).
   MP:        It affects your magic capacity (+10).
   Will:      It increases your willpower.
 T - a +1 robe of positive energy
 V - the +0 ring mail of Gafusil (worn) {rC+ Will+ Slay+2 SInv}
   (You found it on level 8 of the Dungeon)

   Slay:      It affects your accuracy & damage with ranged weapons and melee
   (+2).
   rC:        It protects you from cold.
   SInv:      It lets you see invisible.
   Will:      It increases your willpower.
 Y - a +1 pair of gloves (worn)
Jewellery
 f - a ring of wizardry (right hand)
 i - a ring of willpower (left hand)
 o - a ring of wizardry
 v - a ring of protection from fire
 D - a ring of flight
 G - an amulet of the acrobat (around neck)
 J - a +4 ring of protection
 Q - a ring of protection from fire
 Z - a ring of fire
Wands
 R - a wand of charming (9)
 S - a wand of polymorph (10)
Scrolls
 d - a scroll of blinking
 e - 2 scrolls of amnesia
 j - a scroll of vulnerability {unknown}
 k - 5 scrolls of teleportation
 p - a scroll of summoning {unknown}
 s - a scroll of immolation
 y - 5 scrolls of poison
 C - a scroll of enchant armour {unknown}
 E - 3 scrolls of enchant weapon
 F - 2 scrolls of fear
 P - a scroll of magic mapping
Potions
 b - a potion of resistance {unknown}
 c - 2 potions of might
 n - 6 potions of berserk rage
 t - 3 potions of attraction
 w - 7 potions of curing
 z - 9 potions of heal wounds
 A - 6 potions of mutation
 I - a potion of flight
 L - a potion of ambrosia
 U - a potion of lignification {unknown}
 W - a potion of brilliance
Miscellaneous
 N - a phial of floods (inert)


   Skills:
 + Level 3.0 Fighting
 + Level 2.9 Short Blades
 + Level 4.5 Throwing
 * Level 0.8 Armour
 + Level 4.8 Dodging
 + Level 7.9 Stealth
 + Level 10.0 Spellcasting
 + Level 10.7 Conjurations
 + Level 3.2 Hexes
 + Level 1.9 Translocations
 * Level 0.5 Poison Magic


You had 7 spell levels left.
You knew the following spells:

 Your Spells              Type           Power      Damage    Failure   Level
a - Magic Dart            Conj           100%       1d8       1%          1
b - Searing Ray           Conj           100%       2d8       1%          2
c - Dazzling Flash        Conj/Hex       86%        N/A       1%          3
d - Iskenderun's Mystic   Conj/Tloc      40%        2d9       1%          4
e - Blink                 Tloc           40%        N/A       4%          2
f - Fulminant Prism       Conj/Hex       21%        3d12      1%          4
g - Mephitic Cloud        Conj/Pois/Air  28%        N/A       1%          3
h - Olgreb's Toxic Radia  Pois           13%        N/A       14%         4

Your spell library contained the following spells:

 Spells                   Type           Power      Damage    Failure   Level
 Momentum Strike          Conj/Tloc      80%        3d10      1%          2
 Poisonous Vapours        Pois/Air       24%        N/A       3%          2
 Lesser Beckoning         Tloc           40%        N/A       4%          2
 Summon Small Mammal      Summ           44%        N/A       7%          1
 Call Imp                 Summ           22%        N/A       11%         2
 Summon Guardian Golem    Hex/Summ       19%        N/A       11%         3
 Freezing Cloud           Conj/Ice/Air   14%        6-21      12%         5
 Orb of Destruction       Conj           28%        9d9       19%         7
 Manifold Assault         Tloc           20%        N/A       30%         4
 Leda's Liquefaction      Hex/Erth       9%         N/A       32%         4
 Lee's Rapid Deconstruct  Erth           5%         3d6*      41%         5
 Summon Mana Viper        Hex/Summ       19%        N/A       65%         5
 Spellforged Servitor     Conj/Summ      18%        N/A       77%         7
 Eringya's Noxious Bog    Tmut/Pois      6%         N/A       86%         6
 Statue Form              Tmut/Erth      7%         N/A       100%        6
 Summon Cactus Giant      Summ           5%         N/A       100%        6
 Storm Form               Tmut/Air       5%         N/A       100%        7


Dungeon Overview and Level Annotations

Branches:
Dungeon (10/15) Zot: 25320  Temple (0/1) D:7            Lair (1/5) D:8 Zot: 5916
    Orc (0/2) D:10        Ossuary (visited)          Bailey (visited)

Altars:
Ashenzari
Fedhas
Gozag
Hepliaklqana
Makhleb
Nemelex Xobeh
Okawaru
Qazlal
Ru
Vehumet
Wu Jian
Xom

Shops:
D:3 !   D:8 *   D:10 *

Annotations:
D:4 3 runed translucent doors, jaiteiro's ghost, amateur DECj
D:6 1 runed translucent door, Anaz's ghost, novice DgAE
Lair:1 Gastronok


Innate Abilities, Weirdness & Mutations

You have very sharp fingernails.
You are mostly covered in yellow scales. (AC +3)
You are mostly covered in sharp spines.


Message History

Aim: Gastronok, wearing a +2 hat of willpower (severely wounded, 94% to hit, chance to blind on hit: 0%)
Okay, then.
Unknown command.
Throw: dart (curare)
Press: ? - help, Q - select action, (/) - cycle Shift-Dir - straight line, f/p - Gastronok
Aim: Gastronok, wearing a +2 hat of willpower (severely wounded, 94% to hit)
You throw a curare-tipped dart. The curare-tipped dart hits Gastronok.
Gastronok is poisoned.
Gastronok convulses.
Gastronok seems to slow down.
Gastronok is severely wounded.
You hear a splash.
Unknown command.
Throw: 15 darts (poison)
Press: ? - help, Q - select action, (/) - cycle Shift-Dir - straight line, f/p - Gastronok
Aim: Gastronok, wearing a +2 hat of willpower (severely wounded, very poisoned, slow, 94% to hit)
You throw a poisoned dart. The poisoned dart hits Gastronok!
Gastronok looks as sick as possible!
Gastronok is severely wounded.
You hear a splash.
You hit Gastronok.
Gastronok is severely wounded.
You puncture Gastronok!
Gastronok is almost dead.
You hit Gastronok.
Gastronok is almost dead.
You hit Gastronok but do no damage.
Gastronok is almost dead.
Gastronok bites you!
You hit Gastronok.
Gastronok is almost dead.
You hit Gastronok but do no damage.
Gastronok is almost dead.
You hit Gastronok.
Gastronok is almost dead.
Gastronok is no longer moving slowly.
You hit Gastronok. Lightning courses through Gastronok!
Gastronok is almost dead.
Gastronok waves his eye-stalks in wide circles.
The air twists around and strikes you!!
You die...

# #.....## #.##.#.#.#
..###.P....#########.
.....................
>.8..................
...#.................
8. #.................
. #..................
..........(w@.......
...........####.####.
##.P......## .#
#.#......# . ..+....
. ##... .# #.


You could see Gastronok (very poisoned).

Vanquished Creatures
  Erica (D:8)
  2 sixfirhies (D:9)
  A rust devil (D:9)
  A smoke demon (D:9)
  4 gargoyles (D:8)
  An orange demon (D:9)
  A red devil (D:9)
  A polar bear (Lair:1)
  3 slime creatures
  A shadow (D:10)
  9 yaks
  A basilisk (Lair:1)
  4 vampire mosquitoes
  3 orc warriors
  2 sky beasts (D:6)
  4 ice beasts
  A black bear (D:4)
  A centaur (D:6)
  An ogre (D:5)
  6 wolves
  2 phantoms
  7 bullfrogs
  2 kobold brigands
  9 gnoll sergeants
  13 scorpions
  15 wights
  7 killer bees
  6 howler monkeys
  2 jellies
  4 centaur zombies (Ossuary)
  2 quasits (D:9)
  4 orc priests
  4 gnoll boudas (Bailey)
  A human zombie (Ossuary)
  9 hounds
  6 iguanas
  6 scorpion zombies (Ossuary)
  Natasha (thrice) (D:3)
  4 orc wizards
  3 mummies (Ossuary)
  22 gnolls
  4 adders
  3 shadow imps
  2 ufetubi
  2 worms (D:2)
  2 dart slugs
  25 orcs
  8 endoplasms
  3 giant cockroaches
  6 goblins
  5 hobgoblins
  3 jackals (D:2)
  6 quokkas
  7 ball pythons
  A bat (D:2)
  2 frilled lizards (D:3)
  A gnoll zombie (Ossuary)
  2 goblin zombies (Ossuary)
  2 hobgoblin zombies (Ossuary)
  10 kobolds
  A kobold zombie (Ossuary)
  10 rats
284 creatures vanquished.

Vanquished Creatures (others)
  48 fulminant prisms
48 creatures vanquished.

Grand Total: 332 creatures vanquished

Notes
Turn   | Place    | Note
-------+----------+-------------------------------------------
     0 | D:1      | CrazyMind the Demonspawn Conjurer began the quest for the
                  | Orb.
     0 | D:1      | Reached XP level 1. HP: 13/13 MP: 3/3
     6 | D:1      | Noticed a polar bear
     6 | D:1      | Noticed a salamander
     6 | D:1      | Noticed a six-headed hydra
     7 | D:1      | Noticed a komodo dragon
   336 | D:1      | Gained mutation: You are partially covered in sharp spines.
                  | [demonic ancestry]
   336 | D:1      | Reached XP level 2. HP: 18/19 MP: 1/5
   429 | D:1      | Learned a level 2 spell: Searing Ray
   957 | D:2      | Gained mutation: You have sharp fingernails. [demonic
                  | ancestry]
   957 | D:2      | Reached XP level 3. HP: 24/24 MP: 0/6
  1334 | D:2      | Reached skill level 5 in Conjurations
  1721 | D:2      | Reached XP level 4. HP: 30/30 MP: 2/7
  2317 | D:3      | Gained mutation: You are mostly covered in sharp spines.
                  | [demonic ancestry]
  2317 | D:3      | Reached XP level 5. HP: 35/35 MP: 1/9
  2328 | D:3      | Noticed Natasha
  2333 | D:3      | Killed Natasha
  2339 | D:3      | Learned a level 3 spell: Dazzling Flash
  2344 | D:3      | Learned a level 4 spell: Iskenderun's Mystic Blast
  2377 | D:3      | Noticed Natasha
  2381 | D:3      | Killed Natasha
  2545 | D:3      | Found Gyge's Distillery.
  2547 | D:3      | Noticed Natasha
  2551 | D:3      | Killed Natasha
  2649 | D:3      | Bought a potion of brilliance for 56 gold pieces
  2649 | D:3      | Bought a potion of curing for 42 gold pieces
  2658 | D:3      | Gained mutation: You are partially covered in yellow
                  | scales. (AC +2) [demonic ancestry]
  2658 | D:3      | Reached XP level 6. HP: 42/42 MP: 6/11
  2744 | D:3      | Reached skill level 1 in Short Blades
  3009 | D:4      | Learned a level 2 spell: Blink
  3067 | D:4      | Found a radiant altar of Vehumet.
  3074 | D:4      | Became a worshipper of Vehumet
  3403 | D:4      | Gained mutation: You have very sharp fingernails. [demonic
                  | ancestry]
  3403 | D:4      | Reached XP level 7. HP: 47/47 MP: 8/13
  3499 | D:4      | Found a runed translucent gate.
  3499 | D:4      | Found a runed translucent gate.
  3499 | D:4      | Found a runed translucent gate.
  3621 | D:4      | Found a sparkling altar of Nemelex Xobeh.
  3622 | D:4      | Found an opulent altar of Gozag.
  3807 | D:4      | Reached skill level 1 in Throwing
  3946 | D:4      | Noticed jaiteiro's ghost (amateur DECj)
  3981 | D:5      | Entered Level 5 of the Dungeon
  4016 | D:5      | Found a sand-covered staircase.
  4021 | Ossuary  | Entered an ossuary
  4389 | Ossuary  | Reached XP level 8. HP: 47/53 MP: 4/15
  4509 | Ossuary  | Reached skill level 5 in Spellcasting
  4576 | Ossuary  | Reached * piety under Vehumet
  4576 | Ossuary  | Offered knowledge of Kiss of Death by Vehumet.
  4580 | Ossuary  | Reached skill level 1 in Fighting
  5472 | D:5      | Learned a level 4 spell: Fulminant Prism
  5513 | D:5      | Reached skill level 5 in Stealth
  5876 | D:5      | Gained mutation: You are mostly covered in yellow scales.
                  | (AC +3) [demonic ancestry]
  5876 | D:5      | Reached XP level 9. HP: 59/59 MP: 15/18
  6679 | D:6      | Found a burning altar of Makhleb.
  6683 | D:6      | Offered knowledge of Poisonous Vapours by Vehumet.
  6755 | D:6      | Reached ** piety under Vehumet
  6989 | D:6      | Found a runed translucent door.
  6989 | D:6      | Noticed Anaz's ghost (novice DgAE)
  7339 | D:6      | Reached skill level 1 in Hexes
  7443 | D:7      | Found a staircase to the Ecumenical Temple.
  7558 | D:7      | Learned a level 3 spell: Mephitic Cloud
  7580 | D:7      | Found a flagged portal.
  7588 | Bailey   | Entered a bailey
  7725 | Bailey   | Offered knowledge of Scorch by Vehumet.
  7892 | Bailey   | Reached *** piety under Vehumet
  8071 | Bailey   | Reached XP level 10. HP: 52/67 MP: 3/20
  8340 | Bailey   | Offered knowledge of Sticky Flame by Vehumet.
  8426 | Bailey   | Identified the +1 robe of Ywnyif {*Slow rF++ rC- Will+++}
  8490 | Bailey   | Found the +3 hat of Pondering {ponderous, Will+ MP+10
                  | Int+5}
  8539 | Bailey   | Got Ocyavvih's Meditations on the Vitriolic Mob
  9019 | D:7      | Found a broken altar of Ashenzari.
  9191 | D:8      | Found a staircase to the Lair.
  9521 | D:8      | Found a stormy altar of Qazlal.
  9571 | D:8      | Noticed a gargoyle
  9576 | D:8      | Noticed a gargoyle
  9580 | D:8      | Noticed a gargoyle
  9582 | D:8      | Killed a gargoyle
  9627 | D:8      | Killed a gargoyle
  9711 | D:8      | Killed a gargoyle
  9825 | D:8      | Noticed a gargoyle
  9827 | D:8      | Killed a gargoyle
  9846 | D:8      | Noticed Erica
  9863 | D:8      | Killed Erica
  9988 | D:8      | Found Ycroqer's Neck Hole.
 10003 | D:8      | Bought a scarf of resistance for 352 gold pieces
 10102 | D:8      | Identified the +0 ring mail of Gafusil {rC+ Will+ Slay+2
                  | SInv}
 10167 | D:8      | Reached **** piety under Vehumet
 10325 | D:8      | Found a blossoming altar of Fedhas.
 10531 | D:9      | Noticed a sixfirhy
 10536 | D:9      | Killed a sixfirhy
 10537 | D:9      | Reached XP level 11. HP: 73/73 MP: 17/23
 10742 | D:9      | Found an ornate altar of the Wu Jian Council.
 10742 | D:9      | Found a shimmering altar of Xom.
 10769 | D:9      | Reached skill level 10 in Conjurations
 10851 | D:9      | Offered knowledge of Arcjolt by Vehumet.
 11036 | D:9      | Noticed a sixfirhy
 11040 | D:9      | Killed a sixfirhy
 11233 | D:9      | Found a sacrificial altar of Ru.
 11368 | D:9      | Reached skill level 1 in Translocations
 11593 | D:10     | Entered Level 10 of the Dungeon
 12006 | D:10     | Found an iron altar of Okawaru.
 12413 | D:10     | Found a staircase to the Orcish Mines.
 12513 | D:10     | Found a hazy altar of Hepliaklqana.
 12578 | D:10     | Found Onisubibev's Demolitions Depot.
 12909 | D:10     | Reached skill level 10 in Spellcasting
 13134 | D:10     | Bought a phial of floods for 560 gold pieces
 13219 | Lair:1   | Entered Level 1 of the Lair of Beasts
 13248 | Lair:1   | Reached ***** piety under Vehumet
 13248 | Lair:1   | Offered knowledge of Olgreb's Toxic Radiance by Vehumet.
 13256 | D:8      | Learned a level 4 spell: Olgreb's Toxic Radiance
 13333 | Lair:1   | Noticed Gastronok
 13353 | Lair:1   | Killed from afar by Gastronok

Illustrated notes

Levels and vault maps discovered:
D:1:      onia_arrival_zoo_common, layout_basic
D:2:      layout_basic, minmay_misc_feat_pillars
D:3:      layout_basic, serial_shops, shop, uniq_natasha
D:4:      layout_basic, grunt_temple_overflow_opulence,
          nicolae_vehumet_radiance, gammafunk_ghost_icy,
          chequers_serial_rivers_micro_b
D:5:      layout_cave_pods, dreamdust_divine_triumvirate, enter_ossuary_5
D:6:      layout_basic, makhleb_heckhound_becter, gammafunk_ghost_grave,
          minivault_11
D:7:      layout_loops_ring, mainiacjoe_overflow_surrounded_room,
          minmay_temple_entry_sparse_star, enter_bailey_4, nicolae_grassy_gnolls
D:8:      cheibrodos_statue_roulette, layout_loops_cross,
          nicolae_qazlal_general_emergency, fedhas_ov_isle_minmay,
          lair_entry_dummy, nicolae_shop_sticking_my_neck_out, uniq_erica
D:9:      layout_irregular_city, minitemple, nicolae_ru_awakened_eye,
          serial_demonic, serial_demonic_f, serial_demonic_e, serial_demonic_g,
          serial_demonic_e
D:10:     layout_gridville, nicolae_hepliaklqana_hippocampus,
          okawaru_gym_becter, minmay_orc_entry_temple_small,
          palyth_stone_intersect, nicolae_blasting_shop
Lair:1:   layout_regular_city, infiniplex_staircase_pool_2, grunt_megastairs_1,
          uniq_gastronok

Skill      XL: |  1  2  3  4  5  6  7  8  9 10 11 |
---------------+----------------------------------+-----
Dodging        | 2 3 4 |  4.8
Conjurations   | 5 6 7 8 9 10 | 10.7
Stealth        | 2 3 4 5 6 7 |  7.9
Spellcasting   | 3 4 6 7 8 10 | 10.0
Short Blades   | 1 2 |  2.9
Throwing       | 1 3 4 |  4.5
Fighting       | 1 2 3 |  3.0
Hexes          | 1 2 3 |  3.2
Translocations | 1 |  1.9
Armour         | |  0.8
Poison Magic   | |  0.5

Action                     |  1- 3 |  4- 6 |  7- 9 | 10-12 || total
---------------------------+-------+-------+-------+-------++-------
  Melee: Dagger            |    35 |     5 |    16 |    38 ||    94
         Rapier            |       |       |    11 |       ||    11
         Punch             |       |       |     1 |     1 ||     2
  Throw: Dart              |       |     9 |    37 |     2 ||    48
         Boomerang         |       |       |    20 |       ||    20
   Cast: Magic Dart        |    20 |     5 |     2 |    14 ||    41
         Searing Ray       |    18 |    23 |    80 |    67 ||   188
         Blink             |       |     1 |     2 |       ||     3
         Fulminant Prism   |       |       |    17 |    31 ||    48
         Dazzling Flash    |       |       |     2 |     6 ||     8
         Iskenderun's Myst |       |       |       |    11 ||    11
  Evoke: Phial of floods   |       |       |       |     1 ||     1
    Use: Potion            |       |     1 |     4 |       ||     5
         Scroll            |       |       |    11 |     6 ||    17
   Stab: Sleeping          |     6 |     4 |     8 |     9 ||    27
         Invisible         |       |       |     1 |     3 ||     4
         Distracted        |       |       |     1 |       ||     1
 Armour: Robe              |    10 |     2 |    33 |    12 ||    57
         Ring mail         |       |       |       |     8 ||     8
  Dodge: Dodged            |    20 |     9 |   115 |   122 ||   266
